AoeStats
← Robert Grigoryan

Arabia

503390921Analyzed
2v2 RM · 1mo ago on Aug 31, 2026· 50m 0s· 4 players
Game mode
Random Map
Map size
Medium (4 player)
Population
200
Speed
Normal
Resources
Standard
Victory
Conquest
Starting age
Dark Age
Ending age
Imperial Age
RankedLock teamsTeams togetherTeam positionsShared explorationLock speedFull tech treeHidden civsTurbo modeCheats
Victory
Defeat
🇨🇭 Franks · Switzerland
787
+13
🇨🇭 Aztecs · Switzerland
715
+16
🇷🇺 Teutons · Russia
748
-16
🇮🇹 Khmer · Italy
679
-13
Robert Grigoryan
3:00 Loom
11:49 Feudal Age
12:12 Horse Collar
12:19 Double-Bit Axe
21:29 Castle Age
19:48 Man-at-Arms
20:43 Scale Mail Armor
21:51 Bloodlines
22:00 Forging
22:40 Bow Saw
23:00 Heavy Plow
25:28 Squires
25:13 Gambesons
24:49 Long Swordsman
27:21 Wheelbarrow
29:01 Scale Barding Armor
30:03 Hand Cart
31:02 Chain Barding Armor
30:58 Chain Mail Armor
31:06 Town Watch
30:55 Pikeman
32:25 Town Patrol
32:25 Stone Mining
34:26 Stone Shaft Mining
36:04 Gold Mining
39:19 Imperial Age
38:29 Caravan
40:49 Conscription
41:06 Hoardings
41:57 Plate Mail Armor
lanciotto
10:29 Feudal Age
11:02 Double-Bit Axe
12:00 Horse Collar
14:47 Stone Mining
17:44 Gold Mining
21:14 Castle Age
21:20 Pikeman
32:17 Wheelbarrow
32:29 Stone Shaft Mining
35:50 Heavy Plow
36:28 Gold Shaft Mining
37:33 Hand Cart
40:55 Imperial Age
39:59 Caravan
41:15 Tusk Swords
41:03 Halberdier
43:41 Chemistry
42:52 Fortified Wall
47:12 Double Crossbow
TheDaidi
8:57 Loom
12:55 Feudal Age
17:50 Double-Bit Axe
20:37 Castle Age
19:51 Scale Mail Armor
23:07 Bow Saw
25:01 Pikeman
28:54 Horse Collar
29:08 Elite Skirmisher
29:59 Squires
29:23 Eagle Warrior
31:41 Forging
31:47 Chain Mail Armor
33:09 Heavy Plow
35:03 Wheelbarrow
37:33 Imperial Age
38:13 Iron Casting
38:34 Elite Eagle Warrior
41:48 Atlatl
42:09 Garland Wars
41:12 Elite Jaguar Warrior
45:30 Capped Ram
50:02 Plate Mail Armor
50:34 Blast Furnace
Perocat
10:15 Feudal Age
14:40 Castle Age
13:05 Double-Bit Axe
18:07 Wheelbarrow
18:03 Scale Barding Armor
22:09 Bow Saw
23:31 Hand Cart
24:21 Forging
25:43 Gold Mining
25:43 Stone Mining
27:26 Iron Casting
27:11 Chain Barding Armor
31:11 Imperial Age
28:58 Husbandry
31:02 Town Watch
31:02 Loom
31:32 Scale Mail Armor
31:17 Cavalier
32:28 Conscription
34:47 Blast Furnace
34:02 Chain Mail Armor
34:23 Plate Barding Armor
34:06 Chain Mail Armor
35:02 Paladin
36:35 Gold Shaft Mining
38:18 Plate Mail Armor
37:39 Fletching
41:07 Chemistry
40:28 Ballistics
Connection lost

Rejoining the realm…

Still unreachable

The connection could not be restored.

Session expired

The server has moved on; the page needs a fresh start.